 Dungeon Crawl Stone Soup version 0.29.1-15-g9cfb28693d (webtiles) character file.

Game seed: 7383778349779698523

84 leafyfresh the Sneak (level 4, 0/33 HPs)
             Began as an Octopode Delver on Mar 11, 2023.
             Slain by an iguana (7 damage)
             ... on level 5 of the Dungeon.
             The game lasted 00:00:32 (285 turns).

leafyfresh the Sneak (Octopode Delver)               Turns: 285, Time: 00:00:33

Health: 0/33       AC:  1    Str: 11    XL:     4   Next: 46%
Magic:  4/4        EV: 13    Int: 14    God:
Gold:   0          SH:  0    Dex: 13    Spells: 3/3 levels left

rFire   . . .      SeeInvis .   a - +0 short sword
rCold   . . .      Faith    .   (no shield)
rNeg    . . .      Spirit   .   (helmet restricted)
rPois   .          Reflect  .   (no amulet)
rElec   .          Harm     .   (no ring)
rCorr   .          Rampage  .   (no ring)
Will    .....                   (no ring)
Stlth   +++++.....              (no ring)
HPRegen 0.11/turn               (no ring)
MPRegen 0.09/turn               (no ring)
                                (no ring)
                                (no ring)

@: no status effects
A: almost no armour, amphibious, 8 rings, camouflage 1, gelatinous body 1,
(nimble swimmer 1), tentacles
a: no special abilities


You were on level 5 of the Dungeon.
You visited 1 branch of the dungeon, and saw 2 of its levels.

Inventory:

Hand Weapons
 a - a +0 short sword (weapon)
Wands
 f - a wand of digging (3)
Scrolls
 b - a scroll of fog
 c - a scroll of magic mapping
 d - a scroll of fear
Potions
 e - a potion of haste


   Skills:
 + Level 3.8 Fighting
 - Level 2.0 Short Blades
 + Level 3.0 Dodging
 + Level 7.5 Stealth


You had 3 spell levels left.
You didn't know any spells.
Your spell library was empty.

Dungeon Overview and Level Annotations

Branches:
Dungeon (5/15)             Temple (0/1) D:4

Altars:
Wu Jian


Innate Abilities, Weirdness & Mutations

You cannot wear most types of armour.
You are amphibious.
You can wear up to eight rings at the same time.
Your skin changes colour to match your surroundings (Stealth+).
Your rubbery body absorbs attacks. (AC +1, EV +1)
((You are camouflaged when in or above water. (Stealth+)))
You have tentacles for arms and can constrict up to eight enemies at once.


Message History

You barely miss the hobgoblin. Your grab misses the hobgoblin.
The hobgoblin misses you.
There are monsters nearby!
You barely miss the hobgoblin. Your grab misses the hobgoblin.
The hobgoblin misses you.
A gnoll comes into view. It is wielding a +0 whip.
You closely miss the hobgoblin. You grab the hobgoblin.
You constrict the hobgoblin, but do no damage.
The hobgoblin hits you but does no damage.
You hit the hobgoblin. Your grab misses the hobgoblin.
You squeeze the hobgoblin.
The hobgoblin is almost dead.
You constrict the hobgoblin, but do no damage.
The hobgoblin hits you.
The hobgoblin hits you but does no damage.
You hit the hobgoblin.
You kill the hobgoblin!
You constrict the hobgoblin. The hobgoblin hits you.
You hit the hobgoblin but do no damage.
You squeeze the hobgoblin, but do no damage.
The hobgoblin is moderately wounded.
You constrict the hobgoblin. The hobgoblin closely misses you.
The iguana misses you.
Unknown command.
You release your grip on the hobgoblin.
The iguana bites you.
There is a stone staircase leading down here.
You can't go up here!
The hobgoblin hits you. The iguana bites you!
You climb downwards.
There is a stone staircase leading up here.
You hit the hobgoblin.
You kill the hobgoblin!
The iguana bites you!
* * * LOW HITPOINT WARNING * * *
You are too injured to fight recklessly!
Unknown command.
You barely miss the iguana. You grab the iguana.
You squeeze the iguana, but do no damage.
You constrict the iguana. The iguana bites you!
You die...

### ### #.. ..# #.#
#.###### #.# #####.##...#
#.# #.@........#
##.###l.#..##...#####
##.#.##..#..###.##...##
####>###.#..#.............
#..>## ##......[รท......#
#.##.# #.#.#.#.##..#####..
# #.#........###.'....._
......#.####..#####..
########.# #......#####


You could see an iguana.

Vanquished Creatures
  An ogre (D:5)
  2 hobgoblins
  2 jackals (D:5)
  A butterfly (D:5)
6 creatures vanquished.

Notes
Turn   | Place    | Note
-------+----------+-------------------------------------------
     0 | D:5      | leafyfresh the Octopode Delver began the quest for the Orb.
     0 | D:5      | Reached XP level 1. HP: 16/16 MP: 1/1
    20 | D:5      | Found an ornate altar of the Wu Jian Council.
    21 | D:5      | Noticed an ogre
    29 | D:5      | Killed an ogre
    30 | D:5      | Reached skill level 7 in Stealth
    30 | D:5      | Reached XP level 2. HP: 10/22 MP: 2/2
    30 | D:5      | Reached XP level 3. HP: 12/27 MP: 3/3
    30 | D:5      | Reached XP level 4. HP: 15/33 MP: 4/4
   253 | D:5      | Noticed a phantom
   274 | D:4      | Found a staircase to the Ecumenical Temple.
   285 | D:5      | Slain by an iguana

Illustrated notes

Levels and vault maps discovered:
D:4:      layout_rooms, minmay_temple_entry_crystal_x
D:5:      layout_loops_ring, xom_butterflies,
          mainiacjoe_overflow_surrounded_room, mainiacjoe_overflow_swirl,
          kennysheep_doodads

Skill      XL: |  1 |
---------------+----+-----
Dodging        | 3 |  3.0
Stealth        | 7 |  7.5
Fighting       | |  3.8
Short Blades   | |  2.0

Action                   |  1- 3 |  4- 6 || total
-------------------------+-------+-------++-------
Melee: Short sword       |     5 |     9 ||    14
       Tentacles         |     1 |     3 ||     4
       Constrict         |       |     2 ||     2
 Stab: Sleeping          |     3 |     1 ||     4
Armor: Skin              |       |     2 ||     2
Dodge: Dodged            |       |     4 ||     4
